AoeStats
← BeefBro

Nomad

503626138Analyzed
2v2 RM · 1mo ago on Sep 1, 2026· 30m 55s· 4 players
Game mode
Random Map
Map size
176×176
Population
200
Speed
Normal
Resources
Standard
Victory
Conquest
Starting age
Dark Age
Ending age
Imperial Age
RankedLock teamsTeams togetherTeam positionsShared explorationLock speedFull tech treeHidden civsTurbo modeCheats
Victory
Defeat
🇺🇸 Celts · United States
1699
+13
🇺🇸 Huns · United States
1351
+26
🇫🇮 Magyars · Finland
1634
-21
🇫🇮 Hindustanis · Finland
1614
-20
BeefBro
4:01 Loom
14:40 Feudal Age
15:22 Town Watch
15:23 Double-Bit Axe
15:36 Fishing Lines
18:18 Castle Age
19:16 Medium Warships
19:17 Bow Saw
21:15 Scale Barding Armor
22:29 Forging
22:16 Horse Collar
23:11 Bloodlines
23:02 Husbandry
24:54 Chain Barding Armor
25:42 Heavy Plow
26:39 Iron Casting
29:14 Iron Casting
29:43 Wheelbarrow
29:44 Gold Mining
29:45 Stone Mining
bipeng2008
4:35 Loom
14:53 Feudal Age
18:24 Fishing Lines
19:22 Town Watch
22:11 Castle Age
20:26 Forging
21:04 Scale Barding Armor
21:52 Fletching
23:21 Chain Barding Armor
22:22 Light Cavalry
23:44 Medium Warships
24:17 Wheelbarrow
dodo
14:51 Feudal Age
14:13 Loom
18:33 Castle Age
16:44 Horse Collar
17:03 Double-Bit Axe
17:52 Gold Mining
17:51 Fishing Lines
19:42 Medium Warships
19:34 Fletching
20:31 Bodkin Arrow
20:51 Bow Saw
21:45 Wheelbarrow
22:48 Padded Archer Armor
26:21 Pikeman
Pyrrhos
10:08 Loom
12:14 Feudal Age
11:39 Loom
12:44 Fishing Lines
12:58 Double-Bit Axe
13:57 Town Watch
21:16 Scale Barding Armor
24:20 Castle Age
24:44 Bloodlines
24:57 Horse Collar
28:20 Fletching
Connection lost

Rejoining the realm…

Still unreachable

The connection could not be restored.

Session expired

The server has moved on; the page needs a fresh start.